 Dungeon Crawl Stone Soup version 0.27-a0-277-g024f7ef292 (webtiles) character file.

Game seed: 16580093615558740026

148 hatsuma the Sneak (level 5, -3/32 HPs)
             Began as a Kobold Enchanter on Feb 5, 2021.
             Killed from afar by an orc wizard (13 damage)
             ... with a puff of flame
             ... on level 2 of the Dungeon.
             The game lasted 00:23:11 (3555 turns).

hatsuma the Sneak (Kobold Enchanter)                Turns: 3555, Time: 00:23:12

Health: -3/32      AC:  2    Str:  5    XL:     5   Next: 56%
Magic:  8/8        EV: 15    Int: 17    God:
Gold:   162        SH:  0    Dex: 16    Spells: 2/8 levels left

rFire    . . .     SeeInvis .   a - +1 dagger
rCold    . . .     Faith    .   (shield restricted)
rNeg     . . .     Spirit   .   b - +0 robe
rPois    .         Reflect  .   (no helmet)
rElec    .         Harm     .   (no cloak)
rCorr    .         Rampage  .   (no gloves)
Will     .....                  (no boots)
Stlth    ++++......             (no amulet)
HPRegen  0.10/turn              (no ring)
MPRegen  0.11/turn              (no ring)

@: no status effects
A: small, nightstalker 3
a: no special abilities


You were on level 2 of the Dungeon.
You visited 1 branch of the dungeon, and saw 3 of its levels.

You collected 162 gold pieces.

Inventory:

Hand Weapons
 a - a +1 dagger (weapon)
Missiles
 e - 31 bolts
 i - 84 stones
 n - 12 poisoned darts (quivered)
Armour
 b - a +0 robe (worn)
Jewellery
 c - an uncursed ring of ice {unknown}
Scrolls
 h - a scroll of teleportation
 j - 2 scrolls of magic mapping
 m - a scroll of enchant armour {unknown}
 o - a scroll of amnesia {unknown}
 p - a scroll of remove curse {unknown}
Potions
 f - 3 potions of flight
 l - a potion of lignification {unknown}
 q - a potion of invisibility {unknown}


   Skills:
 - Level 3.3 Fighting
 + Level 4.1 Short Blades
 - Level 2.4 Dodging
 - Level 5.0 Stealth
 - Level 2.1 Spellcasting
 - Level 3.0 Hexes


You had 2 spell levels left.
You knew the following spells:

 Your Spells              Type           Power        Failure   Level
a - Corona                Hex            13%          5%          1
b - Ensorcelled Hibernat  Hex/Ice        12%          16%         2
c - Confusing Touch       Hex            12%          17%         3

Your spell library contained the following spells:

 Spells                   Type           Power        Failure   Level
 Tukima's Dance           Hex            12%          17%         3
 Dazzling Flash           Conj/Hex       12%          30%         3


Dungeon Overview and Level Annotations

Branches:
Dungeon (3/15)

Altars:

Annotations:
D:3 2 transporters, Natasha


Innate Abilities, Weirdness & Mutations

You are small and have problems with some larger weapons.
You are completely attuned to the shadows.


Message History

The orc wizard is heavily wounded.
The orc wizard misses you.
You hit the orc wizard but do no damage.
The orc wizard is heavily wounded.
The orc wizard hits you with a +0 dagger.
You hit the orc wizard.
The orc wizard is severely wounded.
The orc wizard casts a spell at you. The magic dart hits you.
You hit the orc wizard but do no damage.
The orc wizard is severely wounded.
The orc wizard casts a spell at you. The magic dart hits you!
You hit the orc wizard but do no damage.
The orc wizard is severely wounded.
You hit the orc wizard.
The orc wizard is severely wounded.
The orc wizard points at you and mumbles some strange words.
The puff of flame hits you!
You die...

########### #...><....#
#...o@....# #.........#
###### #.........# #....#
#.........# ##....#
#.........# #.....#
######.........# ###......
#....#.........####...####.
#....###............### #.
#....###..#.######### #.


You could see an orc wizard.

Vanquished Creatures
  A worker ant (D:3)
  2 adders
  5 gnolls
  An ooze (D:3)
  2 dart slugs
  A worm (D:3)
  2 leopard geckos
  A ball python (D:2)
  2 giant cockroaches
  3 goblins
  6 hobgoblins
  2 quokkas
  4 bats
  4 frilled lizards
  7 kobolds
  7 rats
50 creatures vanquished.

Notes
Turn   | Place    | Note
-------+----------+-------------------------------------------
     0 | D:1      | hatsuma the Kobold Enchanter began the quest for the Orb.
     0 | D:1      | Reached XP level 1. HP: 10/10 MP: 3/3
   219 | D:1      | Reached XP level 2. HP: 15/15 MP: 5/5
   486 | D:1      | Reached XP level 3. HP: 17/19 MP: 6/6
  1949 | D:2      | Reached skill level 1 in Fighting
  1987 | D:2      | Reached XP level 4. HP: 26/26 MP: 7/7
  2226 | D:2      | Learned a level 2 spell: Ensorcelled Hibernation
  2230 | D:2      | Learned a level 3 spell: Confusing Touch
  2633 | D:2      | Reached skill level 5 in Stealth
  2763 | D:3      | Found a transporter.
  2776 | D:3      | Reached XP level 5. HP: 31/31 MP: 5/8
  2824 | D:3      | Found a transporter.
  3544 | D:3      | Noticed Natasha
  3555 | D:2      | Killed from afar by an orc wizard

Illustrated notes

Levels and vault maps discovered:
D:1:      lightli_arrival_farm, layout_loops_corners, columned_hall_lemuel
D:2:      layout_rooms
D:3:      gammafunk_steamed_eel, layout_rooms, gammafunk_temple_overflow_statue,
          chequers_ecumenical_altar_simple_redux, hangedman_glass_teeth,
          kennysheep_generic_room_3, uniq_natasha

Skill      XL: |  1  2  3  4  5 |
---------------+----------------+-----
Short Blades   | 3 4 |  4.1
Fighting       | 1 2 3 |  3.3
Stealth        | 5 |  5.0
Dodging        | |  2.4
Spellcasting   | |  2.1
Hexes          | |  3.0

Action                   |  1- 3 |  4- 6 || total
-------------------------+-------+-------++-------
Melee: Dagger            |    68 |   108 ||   176
Throw: Dart              |       |     8 ||     8
 Cast: Ensorcelled Hiber |       |    15 ||    15
  Use: Scroll            |     2 |     3 ||     5
       Potion            |       |     1 ||     1
 Stab: Sleeping          |    15 |     8 ||    23
       Distracted        |       |     1 ||     1
Armor: Robe              |     4 |    10 ||    14
Dodge: Dodged            |    62 |    62 ||   124

Table legend: (Time is in decaauts)
 A = Elapsed time spent in this place.
 B = Non-inter-level travel time spent in this place.
 C = Inter-level travel time spent in this place.
 D = Time resting spent in this place.
 E = Time spent auto-exploring this place.
 F = Levels seen in this place.
 G = Mean time per level.
                   A        B        C        D        E       F      G
               +--------+--------+--------+--------+--------+-----+--------+
         Total |   3571 |   3267 |    304 |   1329 |      0 |   3 | 1190.3 |
       Dungeon |   3571 |   3267 |    304 |   1329 |      0 |   3 | 1190.3 |
               +--------+--------+--------+--------+--------+-----+--------+

Top non-repeatable levels by time:
     D:1: 1983 daAuts
     D:2: 1141 daAuts
     D:3: 446 daAuts
